 Dungeon Crawl Stone Soup version 0.27.1-34-g3ba077fa99 (webtiles) character file.

Game seed: 12904558491440739528

247 vvl the Ruffian (level 5, -8/42 HPs)
             Began as a Draconian Transmuter on Jan 13, 2022.
             Mangled by an ogre (27 damage)
             ... on level 4 of the Dungeon.
             The game lasted 00:05:18 (3194 turns).

vvl the Ruffian (Draconian Transmuter)              Turns: 3194, Time: 00:05:18

Health: -8/42      AC:  5    Str: 14    XL:     5   Next: 85%
Magic:  9/9        EV: 12    Int: 13    God:
Gold:   128        SH:  0    Dex: 11    Spells: 8/9 levels left

rFire    . . .     SeeInvis .   b - +2 whip (venom)
rCold    . . .     Faith    .   (no shield)
rNeg     . . .     Spirit   .   (armour unavailable)
rPois    .         Reflect  .   (helmet restricted)
rElec    .         Harm     .   (no cloak)
rCorr    .         Rampage  .   (no gloves)
Will     .....                  (no boots)
Stlth    +.........             (no amulet)
HPRegen  0.14/turn              (no ring)
MPRegen  0.11/turn              (no ring)

@: no status effects
A: AC +5, unfitting armour, cold-blooded
a: no special abilities


You were on level 4 of the Dungeon.
You visited 1 branch of the dungeon, and saw 4 of its levels.

You collected 128 gold pieces.

Inventory:

Hand Weapons
 b - a +2 whip of venom (weapon)
Missiles
 h - 18 bolts
Wands
 j - a wand of mindburst (8)
Scrolls
 a - a scroll of holy word {unknown}
 d - 3 scrolls of identify {unknown}
 e - 2 scrolls of fear {unknown}
 f - 4 scrolls of teleportation {unknown}
 g - a scroll of noise {unknown}
 k - a scroll of blinking {unknown}
Potions
 c - a potion of curing
 i - a potion of heal wounds
 l - 2 potions of lignification {unknown}


   Skills:
 + Level 2.5 Fighting
 + Level 2.7 Dodging
 * Level 4.5 Unarmed Combat
 + Level 2.9 Spellcasting
 + Level 3.1 Transmutations


You had 8 spell levels left.
You knew the following spells:

 Your Spells              Type           Power      Damage    Failure   Level
a - Beastly Appendage     Tmut           20%        N/A       6%          1

Your spell library contained the following spells:

 Spells                   Type           Power      Damage    Failure   Level
 Wereblood                Tmut           10%        N/A       10%         2
 Static Discharge         Conj/Air       1%         N/A       34%         2
 Spider Form              Tmut/Pois      2%         N/A       36%         3
 Call Canine Familiar     Summ           1%         N/A       56%         3
 Portal Projectile        Hex/Tloc       2%         N/A       56%         3
 Ice Form                 Ice/Tmut       5%         N/A       77%         4
 Leda's Liquefaction      Hex/Erth       0%         N/A       93%         4
 Lightning Bolt           Conj/Air       0%         1d11      100%        5
 Maxwell's Capacitive Co  Air            0%         ∞         100%        8


Dungeon Overview and Level Annotations

Branches:
Dungeon (4/15)
 Temple: D:4-7

Altars:
Cheibriados
Uskayaw


Innate Abilities, Weirdness & Mutations

Your plain brown scales are hard. (AC +5)
You cannot fit into any form of body armour.
You are cold-blooded and may be slowed by cold attacks.


Message History

The adder is moderately wounded.
Your horns disappear.
Your talons disappear.
The adder bites you but does no damage. The adder misses you.
You closely miss the adder.
The adder is moderately wounded.
The adder bites you but does no damage.
You hit the adder.
Your tail-slap misses the adder.
The adder is heavily wounded.
The adder bites you but does no damage. The adder closely misses you.
You miss the adder.
The adder is heavily wounded.
The adder completely misses you.
You whack the adder!
You kill the adder!
No target in view!
No target in view!
No target in view!
An ogre is nearby!
An ogre is nearby!
An ogre is nearby!
An ogre is nearby!
You grow a pair of large bovine horns.
Your feet morph into talons.
The ogre shouts!
There is an open door here.
You barely miss the ogre.
You headbutt the ogre, but do no damage.
The ogre barely misses you.
You hit the ogre.
The ogre is poisoned.
The ogre is lightly wounded.
The ogre hits you with a +0 giant club!!
Your transformation is almost over.
You see here 13 stones.
The ogre barely misses you.
Your horns disappear.
Your talons disappear.
There is a stone staircase leading up here.
You hit the ogre but do no damage.
The ogre looks even sicker.
The ogre is severely wounded.
The ogre hits you with a +0 giant club!!
Ouch! That really hurt!
You die...

......#......##.).#
.##..###........#)#
....##.........#.#
#..#.#....#.....#.# ##.
#.[....###.....#
#...#..............# .#
..#.#.........#....# .#
.............##...##.##
.......@O............##
...#..................#
#.<................#
#####.......#.......##
##...##................
#......#>...##.......##
#..#.#†.#....##.....###
_...+......(....#
#.#.##....#.######


You could see an ogre (very poisoned).

Vanquished Creatures
  An ogre (D:4)
  A hound (D:4)
  An orc wizard (D:4)
  4 adders
  An adder skeleton (D:4)
  2 dart slugs
  8 orcs
  3 endoplasms
  4 giant cockroaches
  5 goblins
  4 hobgoblins
  2 quokkas
  7 ball pythons
  2 bats
  7 frilled lizards
  3 kobolds
  8 rats
63 creatures vanquished.

Notes
Turn   | Place    | Note
-------+----------+-------------------------------------------
     0 | D:1      | vvl the Draconian Transmuter began the quest for the Orb.
     0 | D:1      | Reached XP level 1. HP: 16/16 MP: 3/3
   301 | D:1      | Reached XP level 2. HP: 23/23 MP: 3/5
   560 | D:1      | Found a faded altar of an unknown god.
  1259 | D:2      | Reached XP level 3. HP: 25/28 MP: 4/6
  1300 | D:2      | Found a hide-covered altar of Uskayaw.
  2340 | D:4      | Noticed an ogre
  2350 | D:3      | Reached XP level 4. HP: 23/36 MP: 5/7
  2580 | D:4      | Reached skill level 4 in Unarmed Combat
  2865 | D:4      | Killed an ogre
  2866 | D:4      | Reached XP level 5. HP: 20/42 MP: 7/9
  3030 | D:4      | Noticed an ogre
  3136 | D:4      | Found a snail-covered altar of Cheibriados.
  3194 | D:4      | Mangled by an ogre

Illustrated notes

Levels and vault maps discovered:
D:1:      dpeg_arrival_leaves_temple_mockup, layout_basic,
          shapermc_ecumenical_altar_mp_urbaneastern
D:2:      layout_basic, basic_altar, minmay_pentomino_p2
D:3:      layout_basic
D:4:      layout_rooms, mainiacjoe_overflow_swirl, temple_pool_b,
          ebering_ghost_rock_garden, kennysheep_small_circle

Skill      XL: |  1  2  3  4 |
---------------+-------------+-----
Dodging        | 2 |  2.7
Fighting       | 2 |  2.5
Unarmed Combat | 4 |  4.5
Transmutations | 3 |  3.1
Spellcasting   | |  2.9

Action                   |  1- 3 |  4- 6 || total
-------------------------+-------+-------++-------
Melee: Unarmed           |    65 |       ||    65
       Kick              |    14 |     6 ||    20
       Tailslap          |     6 |     6 ||    12
       Whip              |    51 |    52 ||   103
       Headbutt          |     6 |     4 ||    10
       Punch             |       |     1 ||     1
 Cast: Beastly Appendage |    30 |     7 ||    37
  Use: Potion            |     3 |       ||     3
Armor: Skin              |    33 |    19 ||    52
Dodge: Dodged            |    70 |    38 ||   108
